 Dungeon Crawl Stone Soup version 0.24.0-37-gcf1ca852f1 (webtiles) character file.

Game seed: 9130735100263107174, levelgen mode: deterministic

5747 FishyPogo the Magician (level 10, -9/71 HPs)
             Began as a Gnoll Skald on Nov 30, 2019.
             Was a Believer of Hepliaklqana.
             Mangled by an orc knight
             ... wielding a +0 glaive
              (39 damage)
             ... in a bailey.
             The game lasted 00:35:30 (6332 turns).

FishyPogo the Magician (Gnoll Skald)                Turns: 6332, Time: 00:35:30

Health: -9/71      AC: 13    Str: 15    XL:     10   Next: 77%
Magic:  16/21      EV: 15    Int: 17    God:    Hepliaklqana [**....]
Gold:   223        SH:  0    Dex: 15    Spells: 7/24 levels left

rFire    + . .     SeeInvis .   a - +3 spear (venom)
rCold    . . .     Gourm    .   (no shield)
rNeg     + . .     Faith    .   L - +2 ring mail {rF+}
rPois    .         Spirit   .   h - +2 helmet
rElec    .         Reflect  .   N - +1 cloak {MR+}
rCorr    .         Harm     .   (no gloves)
MR       +....     Rnd*Tele +   (no boots)
Stlth    ++........             E - amulet of inaccuracy (curse)
HPRegen  0.21/turn              y - ring of teleportation (curse)
MPRegen  0.17/turn              D - ring of positive energy

@: about to teleport
A: distributed training, reduced essence, fangs 1, strong nose
a: Recall Ancestor, Ancestor Identity, Renounce Religion


You were in a bailey.
You worshipped Hepliaklqana.
Hepliaklqana was pleased with you.
You were not hungry.

You visited 2 branches of the dungeon, and saw 10 of its levels.
You also visited: Bailey.

You collected 571 gold pieces.
You spent 348 gold pieces at shops.

Inventory:

Hand Weapons
 a - a +3 spear of venom (weapon)
Missiles
 c - 255 stones
 s - 53 poisoned darts (quivered)
 v - 5 datura-tipped darts
 z - 4 boomerangs
 J - 6 throwing nets
Armour
 h - a +2 helmet (worn)
 F - a +3 leather armour of cold resistance
 L - a +2 ring mail of fire resistance (worn)
 N - a +1 cloak of magic resistance (worn)
Jewellery
 m - a +2 amulet of reflection
 o - an uncursed amulet of the acrobat
 y - a cursed ring of teleportation (left hand)
 D - a ring of positive energy (right hand)
 E - a cursed amulet of inaccuracy (around neck)
 H - an uncursed amulet of harm {unknown}
Wands
 l - a wand of polymorph (11)
 B - a wand of digging (5)
 M - a wand of paralysis (6)
Scrolls
 p - 3 scrolls of remove curse
 q - 2 scrolls of fear {unknown}
 r - 11 scrolls of teleportation
 w - 4 scrolls of identify
 C - a scroll of holy word
 G - 2 scrolls of enchant weapon
 K - 2 scrolls of fog {unknown}
Potions
 b - a potion of invisibility {unknown}
 e - 2 potions of lignification {unknown}
 f - 2 potions of might {unknown}
 g - 3 potions of heal wounds
 i - 4 potions of brilliance {unknown}
 k - a potion of agility {unknown}
 n - 2 potions of mutation {unknown}
 t - a potion of resistance {unknown}
 u - 2 potions of curing {unknown}
 x - 3 potions of flight {unknown}
Comestibles
 d - 16 rations
 j - 10 chunks of flesh


   Skills:
 + Level 7.2 Fighting
 + Level 5.5 Short Blades
 + Level 5.5 Long Blades
 + Level 5.5 Axes
 + Level 5.5 Maces & Flails
 + Level 7.2 Polearms
 + Level 5.5 Staves
 + Level 5.5 Slings
 + Level 5.5 Bows
 + Level 5.5 Crossbows
 + Level 5.5 Throwing
 + Level 6.1 Armour
 + Level 7.2 Dodging
 + Level 5.5 Stealth
 + Level 5.5 Shields
 + Level 5.5 Unarmed Combat
 + Level 7.5 Spellcasting
 + Level 4.5 Conjurations
 + Level 4.5 Hexes
 + Level 7.2 Charms
 + Level 4.5 Summonings
 + Level 4.5 Necromancy
 + Level 4.5 Translocations
 + Level 4.5 Transmutations
 + Level 4.5 Fire Magic
 + Level 4.5 Ice Magic
 + Level 4.5 Air Magic
 + Level 4.5 Earth Magic
 + Level 4.5 Poison Magic
 + Level 6.0 Invocations
 + Level 5.5 Evocations


You had 7 spell levels left.
You knew the following spells:

 Your Spells              Type           Power        Failure   Level  Hunger
c - Mephitic Cloud        Conj/Pois/Air  ###.....     9%          3    ##.....
h - Regeneration          Chrm/Necr      ####......   5%          3    ##.....
j - Conjure Flame         Conj/Fire      ###.....     9%          3    ##.....
n - Spectral Weapon       Hex/Chrm       ####....     5%          3    ##.....
p - Shroud of Golubria    Chrm/Tloc      ####..       2%          2    None
u - Song of Slaying       Chrm           ####....     1%          2    None
y - Infusion              Chrm           ####         1%          1    None

Your spell library contained the following spells:

 Spells                   Type           Power        Failure   Level  Hunger
 Magic Dart               Conj           ###.         3%          1    None
 Blink                    Tloc           N/A          4%          2    None
 Call Imp                 Summ           ###.....     4%          2    None
 Slow                     Hex            ###.....     4%          2    None


Dungeon Overview and Level Annotations

Branches:
Dungeon (9/15)             Temple (1/1) D:5             Orc (0/2) D:9
 Bailey (1/1)
   Lair: D:8-11

Altars:
Ashenzari
Cheibriados
Dithmenos
Elyvilon
Fedhas
Gozag
Hepliaklqana
Kikubaaqudgha
Makhleb
Nemelex Xobeh
Okawaru
Qazlal
Ru
Sif Muna
Trog
Uskayaw
Vehumet
Wu Jian
Xom
Yredelemnul
Zin
The Shining One

Shops:
D:5 ((*%}


Innate Abilities, Weirdness & Mutations

Your experience applies equally to all skills.
You have very sharp teeth.
Your uncanny sense of smell can sniff out nearby items.
Your life essence is reduced to manifest your ancestor. (-10% HP)


Message History

The orc warrior shouts!
Found a bolt.
Found a gate leading back out of this place.
An orc knight comes into view. It is wielding a +0 glaive.
You feel much better.
You kill the orc warrior!
The orc knight suddenly curses.
The orc knight roars a battlecry!
The orc knight goes into a battle-frenzy!
Unknown command.
As you read the scroll of teleportation, it crumbles to dust.
You feel strangely unstable.
The orc warrior shoots a bolt.
The bolt misses you.
The orc knight hits you from afar with a +0 glaive!
Unknown command.
You open the door. 2 orc warriors come into view.
The orc knight hits you from afar with a +0 glaive!!!
Ouch! That really hurt!
You die...

# ### ##o ########∩##
#$. ##.o...##(∩.#
#%..#..≈≈≈..#§..#
#%..#.≈≈o≈≈.o(.(o.≈
#o..'.≈oo.≈.......≈o∩
#@≈≈o≈≈.......≈≈(≈ ∆
#(.≈≈≈..#...#..≈≈≈ ∆
##.....##...##....
########∩## ####


You could see 3 orc knights and 5 orc warriors.

Vanquished Creatures
  Harold (D:7)
  Pikel (D:8)
  Maurice (D:8)
  A merfolk (D:9)
  2 hippogriffs (D:7)
  2 wyverns (D:8)
  3 orc warriors
  A sky beast (D:7)
  2 slaves (D:8)
  An eye of draining (D:8)
  A necrophage (D:8)
  2 black bears
  2 phantoms
  3 centaurs
  4 ogres
  A big kobold (D:7)
  A wyvern zombie (D:7)
  2 scorpions
  A troll zombie (D:9)
  5 killer bees (D:7)
  2 crimson imps
  A bullfrog zombie (D:6)
  A centaur zombie (D:5)
  2 hounds
  2 orc priests
  A jelly (D:9)
  4 iguanas
  6 orc wizards
  9 worker ants
  An ogre zombie (D:9)
  A hound skeleton (D:6)
  A worker ant zombie (D:6)
  8 gnolls
  A howler monkey skeleton (D:4)
  13 adders
  A shadow imp (D:7)
  An ooze (D:3)
  An adder zombie (D:7)
  2 worms
  2 dart slugs
  6 leopard geckos
  17 orcs
  4 ball pythons
  8 giant cockroaches
  12 goblins
  10 hobgoblins
  10 jackals
  3 quokkas
  6 bats
  5 frilled lizards
  2 goblin zombies (D:9)
  A hobgoblin skeleton (D:9)
  9 kobolds
  A leopard gecko zombie (D:3)
  An orc skeleton (D:9)
  6 orc zombies (D:9)
  A quokka zombie (D:5)
  9 rats
208 creatures vanquished.

Vanquished Creatures (collateral kills)
  A slave (D:8)
  An ogre (D:6)
  A centaur (D:8)
  A bullfrog (D:9)
  An orc priest (D:4)
  An orc wizard (D:4)
  2 ogre zombies (D:9)
  An adder (D:4)
  12 orcs
  A giant cockroach (D:5)
  A goblin (D:1)
  A hobgoblin (D:3)
  2 jackals (D:3)
  A kobold (D:7)
  A quokka (D:8)
  An orc skeleton (D:9)
  An orc zombie (D:9)
30 creatures vanquished.

Vanquished Creatures (others)
  A slave (D:8)
  4 hexers
  3 ancestors (D:7)
  7 spectral weapons
15 creatures vanquished.

Grand Total: 253 creatures vanquished

Notes
Turn   | Place    | Note
-------+----------+-------------------------------------------
     0 | D:1      | FishyPogo the Gnoll Skald began the quest for the Orb.
     0 | D:1      | Reached XP level 1. HP: 20/20 MP: 6/6
    77 | D:1      | Reached XP level 2. HP: 25/26 MP: 0/7
    81 | D:1      | Learned a level 2 spell: Song of Slaying
    84 | D:1      | Learned a level 2 spell: Shroud of Golubria
   316 | D:2      | Reached skill level 5 in Spellcasting
   316 | D:2      | Reached XP level 3. HP: 25/31 MP: 4/9
   407 | D:2      | Reached skill level 1 in Invocations
   440 | D:2      | Learned a level 3 spell: Spectral Weapon
   457 | D:2      | Reached skill level 1 in Short Blades
   457 | D:2      | Reached skill level 1 in Long Blades
   457 | D:2      | Reached skill level 1 in Axes
   457 | D:2      | Reached skill level 1 in Maces & Flails
   457 | D:2      | Reached skill level 1 in Staves
   457 | D:2      | Reached skill level 1 in Slings
   457 | D:2      | Reached skill level 1 in Bows
   457 | D:2      | Reached skill level 1 in Crossbows
   457 | D:2      | Reached skill level 1 in Throwing
   457 | D:2      | Reached skill level 1 in Stealth
   457 | D:2      | Reached skill level 1 in Shields
   457 | D:2      | Reached skill level 1 in Unarmed Combat
   457 | D:2      | Reached skill level 1 in Evocations
   515 | D:2      | Reached XP level 4. HP: 37/38 MP: 6/11
   611 | D:3      | Reached skill level 1 in Conjurations
   611 | D:3      | Reached skill level 1 in Hexes
   611 | D:3      | Reached skill level 1 in Summonings
   611 | D:3      | Reached skill level 1 in Necromancy
   611 | D:3      | Reached skill level 1 in Translocations
   611 | D:3      | Reached skill level 1 in Transmutations
   611 | D:3      | Reached skill level 1 in Fire Magic
   611 | D:3      | Reached skill level 1 in Ice Magic
   611 | D:3      | Reached skill level 1 in Air Magic
   611 | D:3      | Reached skill level 1 in Earth Magic
   611 | D:3      | Reached skill level 1 in Poison Magic
   695 | D:3      | Reached XP level 5. HP: 43/43 MP: 6/12
   957 | D:4      | Noticed a centaur
   992 | D:4      | Killed a centaur
   992 | D:4      | Reached XP level 6. HP: 14/50 MP: 2/13
   997 | D:4      | Learned a level 3 spell: Regeneration
  1087 | D:4      | HP: 1/50 [gnoll/+0 spear (8)]
  1265 | D:5      | Entered Level 5 of the Dungeon
  1265 | D:5      | Found Plog's Gadget Shop.
  1280 | D:5      | Found Ateor's Food Shop.
  1318 | D:5      | Found a staircase to the Ecumenical Temple.
  1328 | Temple   | Entered the Ecumenical Temple
  1465 | Temple   | Became a worshipper of Hepliaklqana the Forgotten
  1540 | D:2      | Found a faded altar of an unknown god.
  1624 | D:1      | Reached skill level 5 in Fighting
  1624 | D:1      | Reached skill level 5 in Polearms
  1624 | D:1      | Reached skill level 5 in Dodging
  2548 | D:4      | Reached XP level 7. HP: 46/50 MP: 15/15
  2674 | D:4      | Reached * piety under Hepliaklqana
  3273 | D:5      | Found Cipip's Weapon Boutique.
  3312 | D:5      | Found Reohoth's Antique Weapon Shoppe.
  3390 | D:5      | Found a blossoming altar of Fedhas.
  3390 | D:5      | Found a shimmering altar of Xom.
  3395 | D:5      | Found a burning altar of Makhleb.
  3397 | D:5      | Found a glowing golden altar of the Shining One.
  3398 | D:5      | Found an iron altar of Okawaru.
  3446 | D:5      | Found Huotauh's Assorted Antiques.
  3453 | D:5      | Reached XP level 8. HP: 56/56 MP: 16/16
  3456 | D:5      | Bought an emerald potion for 24 gold pieces
  3456 | D:5      | Bought a scroll labeled MEXZAF DOJIM for 27 gold pieces
  3456 | D:5      | Bought a scroll labeled QAEC OSHRIAR for 27 gold pieces
  3736 | D:5      | Bought a dented sapphire amulet for 135 gold pieces
  3739 | D:5      | Bought a runed leather armour for 135 gold pieces
  4176 | D:7      | Noticed a hippogriff
  4240 | D:7      | Killed a hippogriff
  4240 | D:7      | Reached XP level 9. HP: 16/62 MP: 2/18
  4293 | D:7      | Reached ** piety under Hepliaklqana
  4390 | D:7      | Remembered your ancestor Cyneburga as a hexer
  4649 | D:7      | Noticed Harold
  4666 | D:7      | Killed Harold
  4666 | D:7      | Reached skill level 5 in Armour
  4666 | D:7      | Reached skill level 5 in Invocations
  4735 | D:7      | Found a sparkling altar of Nemelex Xobeh.
  4906 | D:8      | Noticed Maurice
  4982 | D:8      | Reached XP level 10. HP: 69/69 MP: 20/20
  5054 | D:8      | Noticed Pikel
  5100 | D:8      | Killed Pikel
  5100 | D:8      | Reached skill level 5 in Short Blades
  5100 | D:8      | Reached skill level 5 in Long Blades
  5100 | D:8      | Reached skill level 5 in Axes
  5100 | D:8      | Reached skill level 5 in Maces & Flails
  5100 | D:8      | Reached skill level 5 in Staves
  5100 | D:8      | Reached skill level 5 in Slings
  5100 | D:8      | Reached skill level 5 in Bows
  5100 | D:8      | Reached skill level 5 in Crossbows
  5100 | D:8      | Reached skill level 5 in Throwing
  5100 | D:8      | Reached skill level 5 in Stealth
  5100 | D:8      | Reached skill level 5 in Shields
  5100 | D:8      | Reached skill level 5 in Unarmed Combat
  5100 | D:8      | Reached skill level 5 in Evocations
  5319 | D:8      | Learned a level 3 spell: Mephitic Cloud
  5485 | D:8      | Learned a level 3 spell: Conjure Flame
  5762 | D:8      | Killed Maurice
  6006 | D:9      | Found a staircase to the Orcish Mines.
  6261 | D:9      | Reached *** piety under Hepliaklqana
  6277 | D:9      | Found a flagged portal.
  6315 | Bailey   | Entered a bailey
  6315 | Bailey   | Noticed an orc knight
  6328 | Bailey   | Noticed an orc knight
  6329 | Bailey   | Noticed an orc knight
  6332 | Bailey   | Mangled by an orc knight

Levels and vault maps discovered:
D:1:      dpeg_arrival_tiny_g, layout_rooms
D:2:      layout_basic, chequers_ecumenical_altar_island, minmay_between
D:3:      layout_rooms
D:4:      layout_layer_cave
D:5:      layout_cave_pools, chequers_temple_overflow_minitemple,
          minmay_temple_entry_mini_moons, serial_shops, shop, shop,
          kennysheep_mini, shop, shop, serial_glass, glass_columns_a,
          glass_columns_b, glass_columns_a, glass_columns_b, glass_columns_b,
          glass_columns_c, item_on_display_a, first_ration
D:6:      layout_cave_pools
D:7:      layout_loops_ring, kennysheep_mini_moat, uniq_harold
D:8:      layout_basic, uniq_pikel, uniq_maurice
D:9:      layout_loops_cross, zombieorc2_lemuel, enter_bailey_3,
          hangedman_fish_farm
Temple:   nicolae_temple_elliptical
Bailey:   bailey_polearm_4, bailey

Skill      XL: |  1  2  3  4  5  6  7  8  9 10 |
---------------+-------------------------------+-----
Spellcasting   | 5 6 7 |  7.5
Invocations    | 1 2 3 4 5 6 |  6.0
Short Blades   | 1 2 3 4 5 |  5.5
Long Blades    | 1 2 3 4 5 |  5.5
Axes           | 1 2 3 4 5 |  5.5
Maces & Flails | 1 2 3 4 5 |  5.5
Staves         | 1 2 3 4 5 |  5.5
Slings         | 1 2 3 4 5 |  5.5
Bows           | 1 2 3 4 5 |  5.5
Crossbows      | 1 2 3 4 5 |  5.5
Throwing       | 1 2 3 4 5 |  5.5
Stealth        | 1 2 3 4 5 |  5.5
Shields        | 1 2 3 4 5 |  5.5
Unarmed Combat | 1 2 3 4 5 |  5.5
Evocations     | 1 2 3 4 5 |  5.5
Conjurations   | 1 2 3 4 |  4.5
Hexes          | 1 2 3 4 |  4.5
Summonings     | 1 2 3 4 |  4.5
Necromancy     | 1 2 3 4 |  4.5
Translocations | 1 2 3 4 |  4.5
Transmutations | 1 2 3 4 |  4.5
Fire Magic     | 1 2 3 4 |  4.5
Ice Magic      | 1 2 3 4 |  4.5
Air Magic      | 1 2 3 4 |  4.5
Earth Magic    | 1 2 3 4 |  4.5
Poison Magic   | 1 2 3 4 |  4.5
Armour         | 3 4 5 6 |  6.1
Fighting       | 5 6 7 |  7.2
Polearms       | 5 6 7 |  7.2
Dodging        | 5 6 7 |  7.2
Charms         | 6 7 |  7.2

Action                   |  1- 3 |  4- 6 |  7- 9 | 10-12 || total
-------------------------+-------+-------+-------+-------++-------
Melee: Spear             |   112 |   233 |   270 |   189 ||   804
       Bite              |     7 |    26 |    33 |    17 ||    83
       Punch             |       |     3 |     6 |     6 ||    15
Throw: Dart              |       |       |       |     2 ||     2
       Stone             |       |       |       |     2 ||     2
 Cast: Infusion          |     4 |     2 |       |     2 ||     8
       Spectral Weapon   |     1 |     5 |    23 |    21 ||    50
       Shroud of Golubri |     1 |     2 |     1 |       ||     4
       Regeneration      |       |     4 |     4 |     5 ||    13
       Conjure Flame     |       |       |       |     3 ||     3
       Mephitic Cloud    |       |       |       |     2 ||     2
Invok: Ancestor Life: He |       |       |     1 |       ||     1
       Recall Ancestor   |       |       |       |     2 ||     2
       Transference      |       |       |       |     1 ||     1
  Use: Scroll            |       |     2 |     2 |     6 ||    10
       Potion            |       |       |     1 |     2 ||     3
 Stab: Sleeping          |     3 |     4 |     9 |     1 ||    17
       Distracted        |       |       |     7 |       ||     7
       Confused          |       |       |     1 |     5 ||     6
  Eat: Chunk             |       |     7 |     9 |     6 ||    22
Armor: Leather armour    |    14 |    44 |    46 |     3 ||   107
       Robe              |       |       |     4 |       ||     4
       Ring mail         |       |       |       |    28 ||    28
Dodge: Dodged            |    50 |   129 |   120 |   105 ||   404
Block: Other             |       |     4 |     2 |       ||     6
